 Dungeon Crawl Stone Soup version 0.19.1 (webtiles) character file.

344 Menchi the Slasher (level 6, 0/47 HPs)
             Began as a Formicid Skald on Dec 16, 2016.
             Was a Follower of Elyvilon.
             Succumbed to a worker ant's poison
             ... on level 4 of the Dungeon.
             The game lasted 00:12:24 (3710 turns).

Menchi the Slasher (Formicid Skald)                 Turns: 3710, Time: 00:12:24

Health: 0/47       AC:  4    Str: 16    XL:     6   Next: 89%
Magic:  10/10      EV: 11    Int: 12    God:    Elyvilon [*.....]
Gold:   181        SH:  0    Dex: 12    Spells: 1 memorised, 9 levels left

rFire  . . .     SeeInvis +     k - +0 long sword
rCold  . . .     Gourm    .     b - +0 leather armour
rNeg   . . .     Faith    .     (no shield)
rPois  .         Spirit   .     (helmet unavailable)
rElec  .         Reflect  .     j - +0 cloak
rCorr  .         Harm     .     (no gloves)
MR     .....                    (no boots)
Stlth  +.........               (no amulet)
                                (no ring)
                                (no ring)

@: lethally poisoned (0 -> -20)
A: permanent stasis, dig shafts and tunnels, four strong arms, antennae 3
a: Dig, Shaft Self, Lesser Healing, Divine Protection, Renounce Religion


You were on level 4 of the Dungeon.
You worshipped Elyvilon.
Elyvilon was aware of your devotion.
You were hungry.

You visited 1 branch of the dungeon, and saw 4 of its levels.

You collected 181 gold pieces.

Inventory:

Hand Weapons
 k - a +0 long sword (weapon)
Armour
 b - a +0 leather armour (worn)
 j - a +0 cloak (worn)
Wands
 m - a wand of iceblast (10/15)
Scrolls
 e - a scroll of immolation
 i - 3 scrolls of identify
 p - 2 scrolls of amnesia {unknown}
 q - a scroll of recharging {unknown}
 s - a scroll of enchant weapon {unknown}
 v - a scroll of remove curse {unknown}
Potions
 f - 2 potions of invisibility
 h - a potion of lignification {unknown}
 l - a potion of haste {unknown}
 n - a potion of curing
 o - a potion of flight {unknown}
 u - a potion of berserk rage {unknown}
Books
 c - a book of Battle

   Spells                             Type                      Level
   a - Infusion                       Charms                       1
   b - Shroud of Golubria             Charms/Translocation         2
   c - Song of Slaying                Charms                       2
   d - Spectral Weapon                Hexes/Charms                 3
   e - Regeneration                   Charms/Necromancy            3
Comestibles
 a - 4 chunks of flesh
 d - 2 bread rations
 g - 4 meat rations
 r - 3 fruits


   Skills:
 + Level 3.2 Fighting
 + Level 4.3 Long Blades
 * Level 3.4 Armour
 + Level 1.5 Dodging
 - Level 0.3 Stealth
 + Level 2.8 Spellcasting
 + Level 3.7 Charms


You had 9 spell levels left.
You knew the following spells:

 Your Spells              Type           Power        Failure   Level  Hunger
a - Infusion              Chrm           ##..         10%         1    #......


Dungeon Overview and Level Annotations

Branches:
Dungeon (4/15)
 Temple: D:4-7

Altars:
Elyvilon
Zin

Annotations:
D:3 1 exclusion


Innate Abilities, Weirdness & Mutations

You are under a permanent stasis effect.
You can dig through walls and to a lower floor.
Your four strong arms can wield two-handed weapons with a shield.
You have a pair of large antennae on your head. (SInv)


Message History

You are too injured to fight recklessly!
You are too injured to fight recklessly!
You are too injured to fight recklessly!
You are too injured to fight recklessly!
You are too injured to fight recklessly!
You are too injured to fight recklessly!
You are too injured to fight recklessly!
You are too injured to fight recklessly!
You are too injured to fight recklessly!
You are too injured to fight recklessly!
You are too injured to fight recklessly!
You are too injured to fight recklessly!
You hit the worker ant but do no damage.
The worker ant is almost dead.
* * * LOW HITPOINT WARNING * * *
You feel sick. The worker ant bites you!
* * * LOW HITPOINT WARNING * * *
You closely miss the worker ant.
The worker ant is almost dead.
You die...

#.# #.# ### ..# ##'##
#.. #####...## #.# #
##.....## #.## )#
#.......## #..###.##
#.........####...#...#.
+.........'............
#.........##.........##
##.......###.##@.......
##.....## #.#..a......
##...## #.#.........
#....$ #.#.###...##
#.#.# #... ...# #.#.
###. ..# .. ### ##


You could see a worker ant.

Vanquished Creatures
  A phantom (D:4)
  An ogre (D:4)
  Jessica (D:2)
  An orc wizard (D:3)
  Robin (D:2)
  2 adders (D:3)
  A dart slug (D:3)
  A worm (D:2)
  4 leopard geckos
  8 orcs (D:3)
  A giant cockroach (D:1)
  19 goblins
  7 hobgoblins
  13 kobolds
  A ball python (D:1)
  5 bats
  A frilled lizard (D:1)
  A jackal skeleton (D:3)
  7 rats
76 creatures vanquished.

Notes
Turn   | Place    | Note
-------+----------+-------------------------------------------
     0 | D:1      | Menchi the Formicid Skald began the quest for the Orb.
     0 | D:1      | Reached XP level 1. HP: 16/16 MP: 3/3
   124 | D:1      | Reached XP level 2. HP: 7/22 MP: 5/5
   820 | D:2      | Noticed Jessica
   823 | D:2      | Killed Jessica
   823 | D:2      | Reached skill level 1 in Dodging
   823 | D:2      | Reached XP level 3. HP: 27/28 MP: 6/6
   852 | D:2      | Reached XP level 4. HP: 34/34 MP: 7/7
   938 | D:2      | Noticed Robin
   956 | D:2      | Reached skill level 3 in Long Blades
   959 | D:2      | Killed Robin
  1479 | D:2      | Found a white marble altar of Elyvilon.
  1496 | D:2      | Became a worshipper of Elyvilon the Healer
  1529 | D:2      | Found a faded altar of an unknown god.
  1919 | D:3      | Reached XP level 5. HP: 34/40 MP: 8/8
  2496 | D:3      | Found a glowing silver altar of Zin.
  3066 | D:3      | Reached * piety under Elyvilon
  3383 | D:4      | Noticed a phantom
  3420 | D:4      | Killed a phantom
  3420 | D:4      | Reached skill level 4 in Long Blades
  3420 | D:4      | Reached XP level 6. HP: 7/47 MP: 7/10
  3575 | D:4      | Noticed an ogre
  3580 | D:4      | Gained mutation: Your skin changes colour to match your surroundings (Stealth+). [potion of mutation]
  3580 | D:4      | Gained mutation: Scrolls take you a little longer to read. [potion of mutation]
  3581 | D:4      | Lost mutation: Scrolls take you a little longer to read. [potion of cure mutation]
  3581 | D:4      | Lost mutation: Your skin changes colour to match your surroundings (Stealth+). [potion of cure mutation]
  3585 | D:4      | Killed an ogre
  3709 | D:4      | HP: 2/47 [worker ant (7)]
  3710 | D:4      | Succumbed to a worker ant's poison

Skill      XL: |  1  2  3  4  5  6 |
---------------+-------------------+-----
Dodging        | 1 |  1.5
Long Blades    | 3 4 |  4.3
Armour         | 2 3 |  3.4
Fighting       | 3 |  3.2
Stealth        | |  0.3
Spellcasting   | |  2.8
Charms         | |  3.7

Action                   |  1- 3 |  4- 6 || total
-------------------------+-------+-------++-------
Melee: Falchion          |    52 |   108 ||   160
       Long sword        |       |    88 ||    88
 Cast: Infusion          |       |     9 ||     9
  Use: Scroll            |       |     3 ||     3
       Potion            |       |     5 ||     5
 Stab: Distracted        |       |     1 ||     1
       Sleeping          |       |     1 ||     1
       Invisible         |       |     1 ||     1
  Eat: Chunk             |       |     9 ||     9
Armor: Leather armour    |    23 |    48 ||    71
Dodge: Dodged            |    39 |   129 ||   168
       Rpst.: Falchion   |    12 |    17 ||    29
       Long sword        |       |    14 ||    14
